 Dungeon Crawl Stone Soup version 0.29.1-4-g47bece8355 (webtiles) character file.

Game seed: 12431186460497495327

13 hawla the Gusty (level 2, -2/15 (20) HPs)
             Began as a Meteoran Air Elementalist on Dec 4, 2022.
             Killed by their own static electricity (3 damage)
             ... on level 4 of the Dungeon.
             The game lasted 00:02:27 (369 turns).

hawla the Gusty (Meteoran Air Elementalist)          Turns: 369, Time: 00:02:27

HP:   -2/15 (20)    AC:  2    Str:  9    XL:     2   Next: 70%
MP:   0/7           EV: 12    Int: 16    God:
Gold: 28            SH:  0    Dex: 14    Spells: 4/7 levels left

rFire   . . .      SeeInvis .   (no weapon)
rCold   . . .      Faith    .   (no shield)
rNeg    . . .      Spirit   .   a - +0 robe
rPois   .          Reflect  .   (no helmet)
rElec   .          Harm     .   (no cloak)
rCorr   .          Rampage  .   (no gloves)
Will    .....                   (no boots)
Stlth   +.........              (no amulet)
HPRegen 0.05/turn               (no ring)
MPRegen 0.10/turn               (no ring)

@: mighty, flying, glowing, very heavily drained
A: sense surroundings 1, otherworldly, glowing, explore regen
a: no special abilities


You were on level 4 of the Dungeon.
You visited 1 branch of the dungeon, and saw 4 of its levels.

You collected 28 gold pieces.

Inventory:

Armour
 a - a +0 robe (worn)
Wands
 d - a wand of mindburst (20) (quivered)
Potions
 b - a potion of magic


   Skills:
 + Level 2.6 Dodging
 - Level 1.4 Stealth
 + Level 3.0 Spellcasting
 + Level 1.2 Conjurations
 + Level 4.1 Air Magic


You had 4 spell levels left.
You knew the following spells:

 Your Spells              Type           Power      Damage    Failure   Level
a - Shock                 Conj/Air       44%        1d5       6%          1
b - Static Discharge      Conj/Air       11%        3-5/arc   9%          2

Your spell library contained the following spells:

 Spells                   Type           Power      Damage    Failure   Level
 Swiftness                Air            15%        N/A       10%         3
 Airstrike                Air            7%         2d(2-18)  32%         4


Dungeon Overview and Level Annotations

Branches:
Dungeon (4/15) Zot: 2031
 Temple: D:4-7

Altars:


Innate Abilities, Weirdness & Mutations

You passively map a small area around you.
You are easily found by Zot.
You glow in the dark.
You regain HP and MP as you explore.


Message History

The necrophage attacks as you move away!
The necrophage hits you.
* * * LOW HITPOINT WARNING * * *
You feel drained.
* * * LOW HITPOINT WARNING * * *
Blink to where?
Press: ? - help, Dir - move target, p - necrophage A necrophage comes into view.
As you read the scroll labelled HAVVOE MO DAF, it crumbles to dust.
It was a scroll of blinking.
An orc comes into view. It is wielding a +0 club.
You aren't carrying any scrolls.
It was a potion of flight.
You feel very buoyant.
You fly up into the air.
It was a potion of might.
You feel very mighty all of a sudden.
You hit the necrophage.
The necrophage is lightly damaged.
The necrophage closely misses you.
You hit the necrophage.
The necrophage is moderately damaged.
The necrophage hits you.
* * * LOW HITPOINT WARNING * * *
You feel drained.
Casting: Shock (safe; 6% risk of failure)
Confirm with . or Enter, or press ? or * to list all spells.
Aiming: Shock (safe; 6% risk of failure)
Press: ? - help, Shift-Dir - straight line
Okay, then.
Casting: Shock (safe; 6% risk of failure)
Confirm with . or Enter, or press ? or * to list all spells.
The necrophage is struck by an arc of lightning.
The necrophage is severely damaged.
You are struck by an arc of lightning.
* * * LOW HITPOINT WARNING * * *
The necrophage is struck by an arc of lightning.
The necrophage is severely damaged.
You are struck by an arc of lightning.
You die...

, , * *, * * ,
,**#### ..# , * #
##.# * # *
#.#..##########.#.#
,#.............o..
,#.............#, *
#...#.<...n@n.# , *
############### , ,
, ,,,,, * * * *** *
, *


You could see 2 necrophages and an orc.

Vanquished Creatures
  An endoplasm (D:3)
  2 goblins
  A hobgoblin (D:2)
  A quokka (D:2)
  2 ball pythons
  3 bats (D:3)
  2 frilled lizards
  A rat (D:3)
13 creatures vanquished.

Notes
Turn   | Place    | Note
-------+----------+-------------------------------------------
     0 | D:1      | hawla the Meteoran Air Elementalist began the quest for the
                  | Orb.
     0 | D:1      | Reached XP level 1. HP: 14/14 MP: 5/5
   124 | D:2      | Reached XP level 2. HP: 20/20 MP: 3/6
   127 | D:2      | Learned a level 2 spell: Static Discharge
   197 | D:3      | Reached skill level 4 in Air Magic
   350 | D:4      | Noticed a necrophage
   364 | D:4      | Noticed a necrophage
   369 | D:4      | Killed from afar by themself

Illustrated notes

Levels and vault maps discovered:
D:1:      minmay_arrival_radiant_lines, layout_rooms,
          shapermc_ecumenical_altar_mp_ritualfount
D:2:      minmay_chambers_of_ones, layout_basic, nicolae_shop_unique_rings,
          minmay_crystal_water
D:3:      layout_rooms, cheibriados_altar_1, serial_bayou_pond_e, uniq_robin
D:4:      due_chaos_kobolds, layout_basic, lemuel_doored_altar,
          minmay_temple_entry_statues_pillars

Skill      XL: |  1  2 |
---------------+-------+-----
Spellcasting   | 3 |  3.0
Air Magic      | 4 |  4.1
Dodging        | |  2.6
Stealth        | |  1.4
Conjurations   | |  1.2

Action                   || total
-------------------------++-------
Melee: Unarmed           ||    19
 Cast: Shock             ||    34
  Use: Potion            ||     2
       Scroll            ||     1
Armor: Robe              ||     5
Dodge: Dodged            ||    13
